 Dungeon Crawl Stone Soup version 0.27-a0-1158-gaa87e14f67 (webtiles) character file.

Game seed: 3548118698154536222

35 Gorglomux the Cutter (level 3, -2/18 HPs)
             Began as a Vine Stalker Warper on May 15, 2021.
             Slain by an ice beast (5 damage)
             ... on level 1 of the Dungeon.
             The game lasted 00:01:49 (2156 turns).

Gorglomux the Cutter (Vine Stalker Warper)          Turns: 2156, Time: 00:01:49

Health: -2/18      AC:  3    Str: 14    XL:     3   Next: 35%
Magic:  0/7        EV: 11    Int: 13    God:
Gold:   34         SH:  0    Dex: 13    Spells: 4/6 levels left

rFire    . . .     SeeInvis .   a - +0 short sword
rCold    . . .     Faith    .   (no shield)
rNeg     . . .     Spirit   +   b - +0 leather armour
rPois    .         Reflect  .   (no helmet)
rElec    .         Harm     .   (no cloak)
rCorr    .         Rampage  .   (no gloves)
Will     .....                  (no boots)
Stlth    +.........             (no amulet)
HPRegen  0.06/turn              (no ring)
MPRegen  0.10/turn              (no ring)

@: very slightly contaminated
A: fangs 2, magic shield, antimagic bite, no potion heal 2
a: no special abilities


You were on level 1 of the Dungeon.
You visited 1 branch of the dungeon, and saw 2 of its levels.

You collected 34 gold pieces.

Inventory:

Hand Weapons
 a - a +0 short sword (weapon)
Missiles
 K - a boomerang of dispersal (quivered)
Armour
 b - a +0 leather armour (worn)
Jewellery
 d - a ring of fire
Scrolls
 e - a scroll of noise {unknown}
 f - a scroll of acquirement {unknown}
 g - a scroll of magic mapping {unknown}
 h - a scroll of identify {unknown}
 k - a scroll of fog {unknown}
 B - 3 scrolls of blinking
Potions
 c - a potion of curing {unknown}
 i - 4 potions of mutation {unknown}
 j - a potion of attraction {unknown}


   Skills:
 - Level 1.7 Fighting
 + Level 3.3 Short Blades
 - Level 0.8 Throwing
 - Level 0.7 Armour
 - Level 1.5 Dodging
 - Level 2.1 Spellcasting
 - Level 3.0 Translocations


You had 4 spell levels left.
You knew the following spells:

 Your Spells              Type           Power      Damage    Failure   Level
d - Blink                 Tloc           N/A        N/A       14%         2

Your spell library contained the following spells:

 Spells                   Type           Power      Damage    Failure   Level
 Gell's Gravitas          Tloc           4%         N/A       28%         3
 Lesser Beckoning         Tloc           4%         N/A       28%         3
 Teleport Other           Tloc           9%         N/A       28%         3
 Manifold Assault         Tloc           9%         N/A       95%         5


Dungeon Overview and Level Annotations

Branches:
Dungeon (2/15)

Altars:

Annotations:
D:2 exclusion: 3 doors


Innate Abilities, Weirdness & Mutations

You have extremely sharp teeth.
When hurt, damage is shared between your health and your magic reserves.
Your bite disrupts and absorbs the magic of your enemies.
Potions cannot restore your health.


Message History

No target in view!
No target in view!
Found a stone staircase leading down.
There is a stone staircase leading down here.
You open the door.
There is an open door here.
There is an escape hatch in the floor here.
You open the door.
Key pressed, stopping explore.
There is an open door here.
An ice beast is nearby!
An ice beast is nearby!
An ice beast is nearby!
An ice beast is nearby!
Press: ? - help, . - travel, g - get item You can't see that place. [Stash: a paperback book] [the floor.]
Casting: Blink (safe; 14% risk of failure)
Confirm with . or Enter, or press ? or * to list all spells.
Okay, then.
Unknown command.
There is an open door here.
There is a stone staircase leading up here.
You swing at nothing.
You swing at nothing.
The ice beast barely misses you.
You climb upwards.
There is a stone staircase leading down here.
Casting: Blink (safe; 14% risk of failure)
Confirm with . or Enter, or press ? or * to list all spells.
You blink.
Drop what? 13/52 slots (_ for help) (? for menu, Esc to quit)
Okay, then.
Casting: Blink (safe; 14% risk of failure)
Confirm with . or Enter, or press ? or * to list all spells.
You miscast Blink.
You are very lightly contaminated with residual magic.
Nothing appears to happen.
The ice beast hits you. The ice beast freezes you!
Ouch! That really hurt!
* * * LOW HITPOINT WARNING * * *
Throw: 2 boomerangs (disperse)
Press: ? - help, Q - select action Shift-Dir - straight line, f - ice beast
Aim: an ice beast (56% to hit)
You throw a boomerang of dispersal.
The boomerang of dispersal completely misses the ice beast.
The ice beast hits you.
* * * LOW HITPOINT WARNING * * *
The ice beast freezes you.
You die...

###
#..##..⌠.⌠.##
#........#
..#
#..#.......#
######.#.#
..#
#......_..##
#####.#.# ###
#.#.#.....#
#.......# ..#
#.#..⌠.⌠.⌠#
#.......# ###
#.##.#..###
#........ #
#.##.#.#####
#.......#
#†##.......#
#.......#
#.###....Y@#
#...♣♣♣.#
#.###......#
#.......# ##
#........###
#...♣♣♣.# .#
#####.>#.#
##### #.# .#
##.#.# #.#
.###### #.#.#
#######.#
......# #.#.#
#.......#
#.###.# #.#.#
#.####### #.#
#.# ##.#.#
#.##.#


You could see an ice beast.

Vanquished Creatures
  An adder (D:2)
  A dart slug (D:2)
  3 bats
  5 endoplasms
  A goblin (D:1)
  A kobold (D:1)
  4 quokkas
  2 ball pythons (D:1)
  2 frilled lizards (D:1)
  2 rats (D:2)
22 creatures vanquished.

Notes
Turn   | Place    | Note
-------+----------+-------------------------------------------
     0 | D:1      | Gorglomux the Vine Stalker Warper began the quest for the
                  | Orb.
     0 | D:1      | Reached XP level 1. HP: 11/11 MP: 4/4
   312 | D:1      | Reached XP level 2. HP: 15/15 MP: 6/6
   401 | D:1      | Learned a level 2 spell: Blink
   425 | D:1      | Found a faded altar of an unknown god.
  1049 | D:2      | Reached skill level 3 in Short Blades
  1182 | D:2      | Noticed an ice beast
  1364 | D:2      | Reached XP level 3. HP: 18/18 MP: 7/7
  2156 | D:1      | Slain by an ice beast

Illustrated notes

Levels and vault maps discovered:
D:1:      dpeg_arrival_ternary, layout_basic, hellmonk_ecumenical_altar_run_dry,
          serial_forest, infiniplex_forest_clump_diagonal,
          infiniplex_forest_end_1, infiniplex_forest_straight_1,
          infiniplex_forest_straight_3, infiniplex_forest_zigzag_1,
          infiniplex_forest_lined_3, infiniplex_forest_clump_medium
D:2:      layout_loops_corners, serial_glass, glass_columns_b, glass_columns_b,
          minmay_pentomino_s4

Skill      XL: |  1  2 |
---------------+-------+-----
Short Blades   | 2 3 |  3.3
Fighting       | |  1.7
Throwing       | |  0.8
Armour         | |  0.7
Dodging        | |  1.5
Spellcasting   | |  2.1
Translocations | |  3.0

Action                   || total
-------------------------++-------
Melee: Short sword       ||    65
       Bite              ||    12
Throw: Boomerang         ||     4
 Cast: Blink             ||     1
Armor: Leather armour    ||    15
Dodge: Dodged            ||    49

Table legend: (Time is in decaauts)
 A = Elapsed time spent in this place.
 B = Non-inter-level travel time spent in this place.
 C = Inter-level travel time spent in this place.
 D = Time resting spent in this place.
 E = Time spent auto-exploring this place.
 F = Levels seen in this place.
 G = Mean time per level.
                   A        B        C        D        E       F      G
               +--------+--------+--------+--------+--------+-----+--------+
         Total |   2154 |   2129 |     25 |     11 |   1878 |   2 | 1077.0 |
       Dungeon |   2154 |   2129 |     25 |     11 |   1878 |   2 | 1077.0 |
               +--------+--------+--------+--------+--------+-----+--------+

Top non-repeatable levels by time:
     D:2: 1158 daAuts
     D:1: 996 daAuts
